 Dungeon Crawl Stone Soup version 0.30-a0-778-g2ef04afb54 (console) character file.

Game seed: 12152116184743025644

1962 rlgrobin the Cleaver (level 9, -7/75 HPs)
             Began as a Meteoran Fighter on Feb 17, 2023.
             Was a Believer of Qazlal.
             Mangled by a two-headed ogre
             ... wielding a +0 giant spiked club
              (17 damage)
             ... on level 8 of the Dungeon.
             The game lasted 00:07:19 (1214 turns).

rlgrobin the Cleaver (Meteoran Fighter)             Turns: 1214, Time: 00:07:19

Health: -7/75      AC: 12    Str: 22    XL:     9   Next: 70%
Magic:  15/15      EV:  9    Int: 11    God:    Qazlal [**....]
Gold:   157        SH:  9    Dex: 13    Spells: 8/8 levels left

rFire   . . .      SeeInvis .    a - +1 war axe
rCold   + . .      Faith    .    c - +1 buckler
rNeg    . . .      Spirit   .    g - +4 scale mail "Emuexuul" {rC+}
rPois   .          Reflect  .    (no helmet)
rElec   .          Harm     .    h - +0 cloak
rCorr   .          Rampage  .    (no gloves)
Will    +....                    (no boots) Stlth
                                 (no amulet)
HPRegen 0.32/turn                (no ring)
MPRegen 0.14/turn                (no ring)

@: mighty, glowing
A: sense surroundings 2, otherworldly, glowing, explore regen
a: Renounce Religion, Upheaval


You were on level 8 of the Dungeon.
You worshipped Qazlal.
Qazlal was pleased with you.
You visited 1 branch of the dungeon, and saw 8 of its levels.
You also visited: Ossuary.

You collected 157 gold pieces.

Inventory:

Hand Weapons
 a - a +1 war axe (weapon)
Missiles
 m - 2 throwing nets (quivered)
Armour
 c - a +1 buckler (worn)
 g - the +4 scale mail "Emuexuul" (worn) {rC+}
   (You found it on level 4 of the Dungeon)

   rC:        It protects you from cold.
 h - a +0 cloak (worn)
Scrolls
 k - a scroll of enchant weapon
 l - a scroll of teleportation
Potions
 b - a potion of flight
 d - 2 potions of might
 e - 3 potions of heal wounds {unknown}
 i - 2 potions of lignification
 j - a potion of curing
 n - a potion of invisibility {unknown}


   Skills:
 - Level 5.9 Fighting
 + Level 10.3 Axes
 + Level 6.2 Armour
 - Level 3.6 Shields
 - Level 6.8 Invocations


You had 8 spell levels left.
You didn't know any spells.
Your spell library was empty.

Dungeon Overview and Level Annotations

Branches:
Dungeon (8/15) Zot: 3812   Temple (0/1) D:7         Ossuary (visited)
   Lair: D:8-11

Altars:
Dithmenos
Kikubaaqudgha
Qazlal


Innate Abilities, Weirdness & Mutations

You passively map the area around you.
You are easily found by Zot.
You glow in the dark.
You regain HP and MP as you explore.


Message History

You kill the ufetubus!
Qazlal accepts your kill.
No target in view!
There is a stone staircase leading down here.
You climb downwards.
You hear two shouts!
There is a stone staircase leading up here.
A two-headed ogre comes into view.
It is wielding two +0 giant spiked clubs.
Found a scroll of identify.
The two-headed ogre shouts in stereo!
You barely miss the two-headed ogre.
The two-headed ogre hits you with a +0 giant spiked club! x2
You completely miss the two-headed ogre.
Aiming: Paralyse
Press: ? - help, Shift-Dir - straight line, f - two-headed ogre
Aim: a two-headed ogre, wielding two +0 giant spiked clubs (chance to affect: 31%)
The two-headed ogre easily resists.
The now-empty wand crumbles to dust.
The two-headed ogre hits you with a +0 giant spiked club!
The two-headed ogre hits you with a +0 giant spiked club.
* * * LOW HITPOINT WARNING * * *
You feel very mighty all of a sudden.
The two-headed ogre hits you with a +0 giant spiked club!
* * * LOW HITPOINT WARNING * * *
You block the two-headed ogre's attack.
You slash the two-headed ogre!
The two-headed ogre is moderately wounded.
You hit the two-headed ogre.
The two-headed ogre is moderately wounded.
The two-headed ogre hits you with a +0 giant spiked club.
* * * LOW HITPOINT WARNING * * *
The two-headed ogre barely misses you.
You closely miss the two-headed ogre.
The two-headed ogre is moderately wounded.
You block the two-headed ogre's attack. x2
You barely miss the two-headed ogre.
The two-headed ogre is moderately wounded.
You barely miss the two-headed ogre.
The two-headed ogre is moderately wounded.
The two-headed ogre hits you with a +0 giant spiked club!
You die...

* *, , ,
,* * , , *
,* , ,** ,
,, , ####
* , ... *
*###.####
, ......#
***
#O##.####
, , *
#.@..<..#
,
,#.##.##.#
, , *
#.*#.# #
*,, , ,.?
..# , ,*
##.#.## ,*
* #.#.
#...,, , ,
###.** **
* * **


You could see a two-headed ogre.

Vanquished Creatures
  Sigmund (D:4)
  Edmund (D:6)
  A water moccasin (D:7)
  2 black bears (D:6)
  An ice beast (D:6)
  2 ogres
  A kobold brigand (D:6)
  A phantom (D:6)
  A bullfrog (D:7)
  A necrophage (D:7)
  3 scorpions
  A gnoll sergeant (D:6)
  3 killer bees (D:7)
  A howler monkey (D:7)
  A centaur zombie (Ossuary)
  A hound (D:6)
  A gnoll bouda (D:7)
  2 human zombies (Ossuary)
  An orc priest (D:4)
  A jelly (D:6)
  An iguana (D:6)
  Ijyb (D:4)
  2 orc wizards (D:5)
  2 mummies (Ossuary)
  An adder (D:6)
  5 gnolls (D:7)
  An ufetubus (D:7)
  3 adder zombies (Ossuary)
  9 orcs
  A ball python (D:3)
  An endoplasm (D:4)
  A giant cockroach (D:4)
  A goblin (D:1)
  3 hobgoblins
  5 jackals
  4 kobolds
  A frilled lizard (D:1)
  2 goblin zombies (Ossuary)
  11 hobgoblin zombies (Ossuary)
  11 kobold zombies (Ossuary)
  7 orc zombies (Ossuary)
  A rat (D:2)
101 creatures vanquished.

Vanquished Creatures (others)
  2 plants (D:2)
2 creatures vanquished.

Grand Total: 103 creatures vanquished

Notes
Turn   | Place    | Note
-------+----------+-------------------------------------------
     0 | D:1      | rlgrobin the Meteoran Fighter began the quest for the Orb.
     0 | D:1      | Reached XP level 1. HP: 19/19 MP: 2/2
   123 | D:2      | Reached skill level 3 in Axes
   123 | D:2      | Reached XP level 2. HP: 26/26 MP: 3/3
   162 | D:4      | Noticed Sigmund
   179 | D:4      | Killed Sigmund
   180 | D:4      | Reached skill level 6 in Axes
   180 | D:4      | Reached XP level 3. HP: 9/31 MP: 4/4
   180 | D:4      | Reached XP level 4. HP: 11/38 MP: 5/5
   180 | D:4      | Reached XP level 5. HP: 13/45 MP: 6/6
   180 | D:4      | Reached XP level 6. HP: 15/51 MP: 7/7
   190 | D:4      | Identified the +4 scale mail "Emuexuul" {rC+}
   239 | D:4      | Found a stormy altar of Qazlal.
   248 | D:4      | Noticed Ijyb
   249 | D:4      | Became a worshipper of Qazlal Stormbringer
   259 | D:4      | Paralysed by Ijyb for 2 turns
   263 | D:4      | Paralysed by Ijyb for 4 turns
   270 | D:4      | Killed Ijyb
   271 | D:4      | Reached skill level 7 in Axes
   308 | D:4      | Found a sand-covered staircase.
   313 | Ossuary  | Entered an ossuary
   388 | Ossuary  | Reached * piety under Qazlal
   505 | Ossuary  | Reached XP level 7. HP: 52/57 MP: 8/8
   521 | Ossuary  | Reached skill level 8 in Axes
   554 | Ossuary  | Reached ** piety under Qazlal
   622 | D:4      | Reached skill level 1 in Invocations
   640 | D:5      | Entered Level 5 of the Dungeon
   686 | D:5      | Reached skill level 9 in Axes
   686 | D:5      | Reached XP level 8. HP: 53/63 MP: 11/11
   799 | D:6      | Noticed Edmund
   819 | D:6      | Killed Edmund
   850 | D:6      | Reached skill level 5 in Invocations
   857 | D:6      | Found a shadowy altar of Dithmenos.
   919 | D:6      | Reached skill level 5 in Fighting
   953 | D:6      | Gained mutation: You passively map the area around you.
                  | [Meteoran growth]
   953 | D:6      | Reached XP level 9. HP: 30/74 MP: 8/14
  1054 | D:7      | Reached skill level 5 in Armour
  1078 | D:7      | Reached skill level 10 in Axes
  1098 | D:7      | Found a staircase to the Ecumenical Temple.
  1195 | D:7      | Found an ancient bone altar of Kikubaaqudgha.
  1205 | D:8      | Noticed a two-headed ogre
  1214 | D:8      | Mangled by a two-headed ogre

Illustrated notes

Levels and vault maps discovered:
D:1:      ncdulo_smallfort, layout_rooms, minmay_fountain_box
D:2:      layout_loops_ring, serial_forest, infiniplex_forest_clump_cross,
          infiniplex_forest_lined_ring, infiniplex_forest_zigzag_2,
          infiniplex_forest_straight_5, infiniplex_forest_straight_4,
          infiniplex_forest_end_2, infiniplex_forest_end_2,
          infiniplex_forest_lined_room_2, amcnicky_mini_rare_corridor_liquid,
          moated_statue, kennysheep_generic_room_8
D:3:      minmay_angry_zag, layout_basic, gammafunk_ghost_smash,
          nicolae_hexahallways
D:4:      layout_cave_pools, nicolae_qazlal_scattered_showers, enter_ossuary_2,
          uniq_sigmund, uniq_ijyb
D:5:      layout_basic, mainiacjoe_overflow_alcove_2
D:6:      minmay_cornered_nines, layout_loops_cross, grunt_dithmenos_shadows,
          minmay_fractal_squares_diagonal_5, uniq_edmund
D:7:      layout_basic, mainiacjoe_overflow_brackets,
          minmay_temple_entry_arrows, serial_shops, nicolae_lakefront_shop
D:8:      layout_loops_cross, dpeg_lair_monsters, serial_shops,
          nicolae_shop_behind_doors, minmay_shop_mayhem

Skill      XL: |  1  2  3  4  5  6  7  8  9 |
---------------+----------------------------+-----
Axes           | 3 6 7 9 10 | 10.3
Invocations    | 3 6 |  6.8
Fighting       | 5 |  5.9
Armour         | 6 |  6.2
Shields        | |  3.6

Action                     |  1- 3 |  4- 6 |  7- 9 || total
---------------------------+-------+-------+-------++-------
  Melee: War axe           |    23 |   107 |   238 ||   368
 Invoke: Upheaval          |       |       |     3 ||     3
  Evoke: Wand              |       |       |     1 ||     1
    Use: Potion            |     1 |       |     2 ||     3
         Scroll            |       |     2 |     8 ||    10
 Armour: Scale mail        |     8 |    47 |    97 ||   152
  Dodge: Dodged            |    12 |    30 |    70 ||   112
  Block: Buckler           |    12 |    22 |    93 ||   127

Table legend: (Time is in decaauts)
 A = Elapsed time spent in this place.
 B = Non-inter-level travel time spent in this place.
 C = Inter-level travel time spent in this place.
 D = Time resting spent in this place.
 E = Time spent auto-exploring this place.
 F = Levels seen in this place.
 G = Mean time per level.
                   A        B        C        D        E       F      G
               +--------+--------+--------+--------+--------+-----+--------+
         Total |   1262 |   1253 |      9 |      0 |      0 |   9 |  140.2 |
       Dungeon |    986 |    977 |      9 |      0 |      0 |   8 |  123.2 |
       Ossuary |    276 |    276 |      0 |      0 |      0 |   1 |  276.0 |
               +--------+--------+--------+--------+--------+-----+--------+

Top non-repeatable levels by time:
     D:6: 279 daAuts
 Ossuary: 276 daAuts
     D:4: 235 daAuts
     D:7: 217 daAuts
     D:5: 80 daAuts
     D:2: 69 daAuts
     D:1: 62 daAuts
     D:3: 29 daAuts
     D:8: 11 daAuts
